 Dungeon Crawl Stone Soup version 0.18-a0-1526-gcb34c7c (webtiles) character file.

653 Gottschkopf the Ruffian (level 7, -1/52 HPs)
             Began as a Yellow Draconian Transmuter on Mar 8, 2016.
             Was an Initiate of Sif Muna.
             Slain by a wight
             ... wielding a +0 halberd
              (10 damage)
             ... on level 5 of the Dungeon.
             The game lasted 00:13:52 (3560 turns).

Gottschkopf the Ruffian (DrTm)                      Turns: 3560, Time: 00:13:52

Health: -1/52      AC: 11    Str: 15    XL:     7   Next: 29%
Magic:  5/10       EV: 11    Int: 15    God:    Sif Muna [......]
Gold:   234        SH:  0    Dex: 11    Spells: 3 memorised, 4 levels left

rFire  . . .     SeeInvis .       - Unarmed
rCold  . . .     Gourm    .     (armour unavailable)
rNeg   . . .     Faith    .     (no shield)
rPois  .         Spirit   .     (helmet restricted)
rElec  .         Dismiss  .     m - +2 cloak
rCorr  +         Reflect  .     (no gloves)
SustAt .         Harm     .     w - +1 pair of boots {Stlth+}
MR     +....                    (no amulet)
Stlth  ++........               A - ring of protection from magic
                                k - +2 ring of strength

@: exhausted, very slightly contaminated, slowed, heavily drained, very slow,
somewhat resistant to hostile enchantments, unstealthy
A: spit acid, acid resistance, unfitting armour, cold-blooded, AC +6
a: Spit Acid, Renounce Religion


You were on level 5 of the Dungeon.
You worshipped Sif Muna.
Sif Muna was noncommittal.
You were near starving.

You visited 2 branches of the dungeon, and saw 6 of its levels.

You collected 234 gold pieces.

Inventory:

Missiles
 a - 42 arrows
 x - 9 arrows of dispersal
Armour
 m - a +2 cloak (worn)
 w - a +1 pair of boots of stealth (worn)
Jewellery
 k - a +2 ring of strength (left hand)
 p - an uncursed ring of resist corrosion
 A - a ring of protection from magic (right hand)
Wands
 B - a wand of digging (11/24)
Scrolls
 e - 2 scrolls of enchant weapon
 f - a scroll of blinking
 g - 4 scrolls of identify
 o - 2 scrolls of magic mapping
 q - a scroll of immolation {unknown}
 r - a scroll of fog {unknown}
 t - a scroll of remove curse
 y - a scroll of teleportation {unknown}
Potions
 n - a potion of degeneration {unknown}
 s - a potion of mutation {unknown}
 u - a potion of brilliance {unknown}
 z - a potion of flight {unknown}
 D - a potion of cure mutation {unknown}
Books
 b - a book of Changes

   Spells                             Type                      Level
   a - Beastly Appendage              Transmutation                1
   b - Sticks to Snakes               Transmutation                2
   c - Spider Form                    Transmutation/Poison         3
   d - Ice Form                       Ice/Transmutation            4
   e - Blade Hands                    Transmutation                5
Comestibles
 c - 3 bread rations
 d - 2 slices of pizza
 i - 2 meat rations
 v - a royal jelly
 C - 2 chunks of flesh


   Skills:
 - Level 1.1(0.0) Fighting
 - Level 1.7(0.3) Dodging
 * Level 5.6(4.1) Unarmed Combat
 - Level 2.0(0.6) Spellcasting
 - Level 4.8(3.3) Transmutations
 - Level 4.2(2.7) Poison Magic


You had 4 spell levels left.
You knew the following spells:

 Your Spells              Type           Power        Failure   Level  Hunger
a - Beastly Appendage     Trmt           ##....       8%          1    ##.....
b - Sticks to Snakes      Trmt           ##......     12%         2    ###....
c - Spider Form           Trmt/Pois      #.........   24%         3    ####...


Dungeon Overview and Level Annotations

Branches:
Dungeon (5/15)             Temple (1/1) D:4

Altars:
Ashenzari
Dithmenos
Elyvilon
Gozag
Kikubaaqudgha
Ru
Sif Muna
Trog
Vehumet
Xom
The Shining One

Shops:
D:5 (


Innate Abilities, Weirdness & Mutations

You can spit globs of acid.
You are resistant to acid.
Your golden yellow scales are hard (AC +6).
Your body does not fit into most forms of armour.
You are cold-blooded and may be slowed by cold attacks.


Message History

You are exhausted.
You feel yourself slow down.
You are feeling very hungry.
The wight barely misses you.
Some of the chunks of flesh in your inventory have rotted away.
The wight closely misses you.
Your transformation is almost over.
The wight hits you from afar with a halberd.
* * * LOW HITPOINT WARNING * * *
You feel drained.
* * * LOW HITPOINT WARNING * * *
The wight hits you but does no damage.
Your horns disappear.
You are near starving!
The wight hits you from afar with a halberd.
* * * LOW HITPOINT WARNING * * *
The wight hits you but does no damage. The wight hits you but does no damage.
The wight hits you from afar with a halberd!
You die...

#.# #########.# #...# #.# #.##
#..z# ..########## #..#
#...#### ####.......# ##.#
#......) # #.......#
#.#######....### #
#.......#######z##...[........
#
#........>..#.z...............
#
#.......###.#.#.##............
#.......# #.#@..#######....###
###.......# #.#.### #.......
#.....##### #.#.# #...####
#.###.#######.#.# #...#
##........##.....#
######..รท##
##...#.##.##.###.# #.........#
.#......#.##.# #.# #.###...#.#
.#....#......###.#
##.##....#.###
(#......#.##.....#
#.....#.......


You could see 2 wights.

Vanquished Creatures
  An ogre (D:4)
  A scorpion (D:4)
  A howler monkey (D:5)
  3 wights (D:5)
  An orc wizard (D:3)
  Crazy Yiuf (D:2)
  A jelly (D:5)
  Ijyb (D:3)
  Natasha (thrice) (D:2)
  A gnoll (D:1)
  4 adders
  2 oozes
  A worm (D:2)
  4 dart slugs
  7 giant geckos
  6 orcs
  9 bats
  3 giant cockroaches
  10 goblins
  6 hobgoblins
  9 jackals
  2 quokkas
  A ball python (D:1)
  2 giant newts
  12 kobolds
  7 rats
99 creatures vanquished.

Notes
Turn   | Place    | Note
--------------------------------------------------------------
     0 | D:1      | Gottschkopf the Draconian Transmuter began the quest for the Orb.
     0 | D:1      | Reached XP level 1. HP: 16/16 MP: 3/3
   144 | D:1      | Reached XP level 2. HP: 17/23 MP: 3/5
   148 | D:1      | Learned a level 2 spell: Sticks to Snakes
   291 | D:1      | Reached skill level 4 in Unarmed Combat
   745 | D:1      | Reached XP level 3. HP: 28/28 MP: 4/6
   750 | D:1      | Learned a level 3 spell: Spider Form
  1275 | D:2      | Reached skill level 1 in Poison Magic
  1393 | D:2      | Noticed Crazy Yiuf
  1400 | D:2      | Killed Crazy Yiuf
  1400 | D:2      | Reached XP level 4. HP: 18/35 MP: 0/7
  1669 | D:2      | Noticed Natasha
  1675 | D:2      | Killed Natasha
  1678 | D:2      | Noticed Natasha
  1683 | D:2      | Killed Natasha
  1683 | D:2      | Reached XP level 5. HP: 28/40 MP: 5/8
  1763 | D:2      | Noticed Natasha
  1768 | D:2      | Killed Natasha
  1989 | D:3      | Noticed Ijyb
  2003 | D:3      | Killed Ijyb
  2017 | D:3      | Found a glowing golden altar of the Shining One.
  2298 | D:3      | Reached XP level 6. HP: 12/47 MP: 6/9
  2634 | D:4      | Found a white marble altar of Elyvilon.
  2714 | D:4      | Found a staircase to the Ecumenical Temple.
  2733 | Temple   | Entered the Ecumenical Temple
  2740 | Temple   | Became a worshipper of Sif Muna the Loreminder
  3062 | D:5      | Entered Level 5 of the Dungeon
  3109 | D:5      | Your scales start taking on a golden yellow colour.
  3109 | D:5      | Reached XP level 7. HP: 46/52 MP: 8/10
  3201 | D:5      | Found a bloodstained altar of Trog.
  3370 | D:5      | Found Habruxko's Weapon Emporium.
  3502 | D:5      | Reached skill level 5 in Unarmed Combat
  3560 | D:5      | Slain by a wight

Vault maps used:
D:1:      lightli_iron_boxes, minmay_tree_intersection, roderic_roman_lattice
D:2:      roderic_cross_of_infinity, grunt_ministairs_14,
          uniq_crazy_yiuf_cottage, uniq_natasha
D:3:      lemuel_round_altar, cheibriados_altar_wand_db,
          nicolae_tso_carved_into_rock, lemuel_coloured_pillars_altar,
          first_bread, uniq_iyjb
D:4:      elyvilon_altar_4, temple_hall
D:5:      serial_shops, kennysheep_little_box, trog_hazing_becter
Temple:   circular_temple_13

Skill      XL: |  1  2  3  4  5  6  7 |
---------------+----------------------+-----
Unarmed Combat | 4 5 |  5.6
Poison Magic   | 1 2 3 4 |  4.2
Transmutations | 3 4 |  4.8
Fighting       | |  1.1
Dodging        | |  1.7
Spellcasting   | |  2.0

Action                   |  1- 3 |  4- 6 |  7- 9 || total
-------------------------+-------+-------+-------++-------
Melee: Unarmed           |   118 |   166 |    43 ||   327
 Cast: Beastly Appendage |    17 |    11 |     3 ||    31
       Spider Form       |     3 |     9 |     2 ||    14
 Abil: Spit Acid         |       |       |     1 ||     1
  Use: Scroll            |       |     2 |     4 ||     6
       Potion            |       |       |     1 ||     1
 Stab: Sleeping          |       |     2 |     1 ||     3
       Distracted        |       |       |     1 ||     1
  Eat: Chunk             |     2 |     7 |     2 ||    11
